 Dungeon Crawl Stone Soup version 0.17.1-3-g152610e (webtiles) character file.

917 GFox the Covered (level 8, -7/48 HPs)
             Began as a Gargoyle Fighter on Mar 7, 2016.
             Was a Follower of Okawaru.
             Mangled by a troll (8 damage)
             ... on level 7 of the Dungeon.
             The game lasted 01:14:23 (5874 turns).

GFox the Covered (Gargoyle Fighter)                 Turns: 5874, Time: 01:14:23

Health: -7/48      AC: 18    Str: 30    XL:     8   Next: 9%
Magic:  8/8        EV:  9    Int: 16    God:    Okawaru [*.....]
Gold:   574        SH: 10    Dex:  5    Spells: 0 memorised, 7 levels left

rFire  + + .     SeeInvis .     l - +3 dagger "Nigescha" {elec, rPois Str+3 Int+7 Dex-4}
rCold  x . .     Clarity  .     b - +0 scale mail
rNeg   + . .     SustAt   .     c - +0 shield
rPois  ∞         Gourm    .     D - +2 helmet
rElec  +         Spirit   .     a - +1 cloak
rCorr  .         Warding  .     (no gloves)
rMut   .         Stasis   .     (no boots)
MR     .....                    (no amulet)
Stlth  ..........               h - ring of fire
                                x - ring of protection from fire

@: mighty, not resistant to hostile enchantments, extremely unstealthy
A: negative energy resistance 1, electricity resistance, unbreathing,
petrification resistance, rot immunity, AC +5
a: Heroism, Renounce Religion


You were on level 7 of the Dungeon.
You worshipped Okawaru.
Okawaru was aware of your devotion.
You were not hungry.

You visited 1 branch of the dungeon, and saw 7 of its levels.
You also visited: Ossuary.

You collected 574 gold pieces.

Inventory:

Hand Weapons
 i - a +3 spear of distortion
 l - the +3 dagger "Nigescha" (weapon) {elec, rPois Str+3 Int+7 Dex-4}
   (You found it on level 6 of the Dungeon)

   Occasionally, upon striking a foe, it will discharge some electrical energy
   and cause terrible harm.
   It affects your strength (+3).
   It affects your intelligence (+7).
   It affects your dexterity (-4).
   It protects you from poison.
Armour
 a - a +1 cloak (worn)
 b - a +0 scale mail (worn)
 c - a +0 shield (worn)
 D - a +2 helmet (worn)
 F - a +0 ring mail of magic resistance
Jewellery
 h - a ring of fire (right hand)
 x - a ring of protection from fire (left hand)
Wands
 o - a wand of magic darts (23)
 r - a wand of slowing (35)
Scrolls
 g - 6 scrolls of remove curse
 j - a scroll of teleportation
 k - 2 scrolls of identify
 p - a scroll of amnesia
 y - a scroll of noise {unknown}
 G - a scroll of enchant armour
 H - a scroll of recharging
Potions
 d - a potion of might
 m - a potion of haste {unknown}
 n - 2 potions of curing {unknown}
 q - a potion of heal wounds {unknown}
 s - 2 potions of resistance
 t - 2 potions of ambrosia {unknown}
 u - 2 potions of flight {unknown}
 v - a potion of degeneration {unknown}
 z - 3 potions of cancellation {unknown}
 A - 2 potions of brilliance {unknown}
 B - a potion of magic {unknown}
 C - 2 potions of invisibility {unknown}
Comestibles
 e - 4 bread rations
 f - 5 meat rations
 w - a fruit
 I - a beef jerky


   Skills:
 + Level 4.8 Fighting
 + Level 0.3 Short Blades
   Level 2.1 Maces & Flails
 + Level 3.1 Polearms
 + Level 5.9 Armour
 + Level 3.0 Dodging
 + Level 0.8 Stealth
 + Level 5.5 Shields
 + Level 0.4 Invocations


You had 7 spell levels left.
You didn't know any spells.

Dungeon Overview and Level Annotations

Branches:
Dungeon (7/15)             Temple (0/1) D:4

Altars:
Ashenzari
Fedhas
Kikubaaqudgha
Makhleb
Okawaru
Trog
Xom

Shops:
D:4 *


Innate Abilities, Weirdness & Mutations

You are resistant to torment.
Your stone body is resilient (AC +5).
You are immune to poison.
You resist negative energy.
You are resistant to electric shocks.
You can survive without breathing.
You are immune to petrification.
You are immune to rotting.


Message History

The crimson imp blinks!
The troll completely misses you. The troll claws you but does no damage.
The troll claws you.
* * * LOW HITPOINT WARNING * * *
You closely miss the troll.
The troll is heavily wounded.
You block the troll's attack. The troll barely misses you.
The troll claws you but does no damage.
You closely miss the troll.
The troll is heavily wounded.
You block the troll's attack. The troll claws you but does no damage.
The troll barely misses you.
You feel very mighty all of a sudden. The troll bites you but does no damage.
You block the troll's attack. You block the troll's attack.
You puncture the troll!
The troll is severely wounded.
The troll barely misses you. The troll claws you.
* * * LOW HITPOINT WARNING * * *
The troll claws you!
You die...

#.........# .##
.........## #.#
.........# #.#
.........# #.#
#........####.##
##......5#.....##
###...........5#
###......###T##
#..###### ##@#
#### ###


You could see a troll and a crimson imp.

Vanquished Creatures
  Menkaure (D:6)
  3 ogres
  2 hounds
  2 crimson imps (D:5)
  A giant frog zombie (D:6)
  An orc wizard (D:4)
  3 worker ants
  A big kobold zombie (Ossuary)
  A hound skeleton (D:7)
  7 mummies (Ossuary)
  2 adders
  2 shadow imps
  An ooze (D:4)
  3 worms
  An adder skeleton (D:5)
  6 giant geckos
  8 orcs
  2 ball pythons
  4 bats
  A gnoll zombie (Ossuary)
  7 goblins
  4 hobgoblins
  2 jackals (D:1)
  4 kobolds
  3 quokkas
  8 giant cockroaches
  3 giant newts
  2 hobgoblin zombies (Ossuary)
  3 kobold zombies (Ossuary)
  An orc zombie (Ossuary)
  A quokka skeleton (D:4)
  8 rats
98 creatures vanquished.

Vanquished Creatures (others)
  An orc wizard (D:4)
  A mummy (Ossuary)
  An adder (D:3)
  An orc (D:4)
  A giant cockroach (D:4)
5 creatures vanquished.

Grand Total: 103 creatures vanquished

Notes
Turn   | Place    | Note
--------------------------------------------------------------
     0 | D:1      | GFox the Gargoyle Fighter began the quest for the Orb.
     0 | D:1      | Reached XP level 1. HP: 14/14 MP: 1/1
   117 | D:1      | Reached XP level 2. HP: 19/19 MP: 2/2
   469 | D:1      | You fall through a shaft!
   478 | D:2      | Found an iron altar of Okawaru.
   495 | D:2      | Became a worshipper of Warmaster Okawaru
   637 | D:2      | Reached XP level 3. HP: 16/24 MP: 3/3
   788 | D:2      | Found a blossoming altar of Fedhas.
   894 | D:2      | Found an ancient bone altar of Kikubaaqudgha.
  1344 | D:3      | Found a burning altar of Makhleb.
  1463 | D:3      | Found a shattered altar of Ashenzari.
  1578 | D:3      | Reached skill level 4 in Shields
  1906 | D:3      | Found a shimmering altar of Xom.
  1931 | D:3      | Reached XP level 4. HP: 29/29 MP: 4/4
  2435 | D:4      | Found a staircase to the Ecumenical Temple.
  2503 | D:4      | Reached skill level 1 in Dodging
  2549 | D:4      | Found Ycsot's General Store.
  2561 | D:4      | Reached XP level 5. HP: 31/33 MP: 5/5
  2593 | D:4      | Noticed an ogre
  2606 | D:4      | Killed an ogre
  2606 | D:4      | Reached skill level 1 in Polearms
  2727 | D:4      | Reached XP level 6. HP: 38/38 MP: 6/6
  2798 | D:4      | Noticed an ogre
  3037 | D:4      | Reached * piety under Okawaru
  3413 | D:4      | Killed an ogre
  3413 | D:4      | Reached skill level 5 in Shields
  3576 | D:5      | Entered Level 5 of the Dungeon
  3601 | D:5      | Found a bloodstained altar of Trog.
  3651 | D:5      | Found a sand-covered staircase.
  3655 | Ossuary  | Entered an ossuary
  3679 | Ossuary  | Reached skill level 5 in Armour
  3687 | Ossuary  | Reached XP level 7. HP: 31/44 MP: 7/7
  4786 | D:6      | Got a slimy dagger
  4787 | D:6      | Identified the +3 dagger "Nigescha" {elec, rPois Str+3 Int+7 Dex-4} (You found it on level 6 of the Dungeon)
  5219 | D:6      | Found a blossoming altar of Fedhas.
  5311 | D:6      | Noticed Menkaure
  5320 | D:6      | Killed Menkaure
  5561 | D:6      | Reached XP level 8. HP: 48/48 MP: 8/8
  5826 | D:7      | Noticed a troll
  5874 | D:7      | HP: 1/48 [troll (4)]
  5874 | D:7      | Mangled by a troll

Action                   |  1- 3 |  4- 6 |  7- 9 || total
-------------------------+-------+-------+-------++-------
Melee: Spear             |   123 |   117 |    72 ||   312
       Flail             |     3 |       |       ||     3
       Dagger            |       |       |    65 ||    65
Invok: Heroism           |       |       |     1 ||     1
  Use: Scroll            |     2 |    10 |     4 ||    16
       Potion            |       |     1 |     3 ||     4
  Eat: Chunk             |     1 |     4 |     2 ||     7
       Pizza             |     1 |     1 |       ||     2
       Fruit             |     1 |       |     1 ||     2
       Bread ration      |       |       |     1 ||     1
